APP
KINGSPORT METS @ MIAMI (APP) MARLINS
10/14/2049
 
TOP OF THE 1ST
Kingsport Mets batting - Pitching for Washington (APP) Nationals : RHP Mike Welch
Pitching: RHP Mike Welch
Batting: RHB Antonio Cacheiro 0-0: Called Strike
0-1: Ball
1-1: Foul Ball, location: 2F
1-2: Ball
2-2: Ground out 5-3 (Groundball, 56S, EV 84.4 MPH)
Batting: RHB Ricky Rivera 0-0: Fly out, F3 (Line Drive, 3, EV 66.9 MPH)
Batting: RHB Roger Abrego 0-0: Ball
1-0: Ball
2-0: Ball
3-0: Called Strike
3-1: Base on Balls
Batting: LHB Edwin Aguilar 0-0: Ball
1-0: Foul Ball, location: 2F
1-1: SINGLE (Line Drive, 89S, EV 100.6 MPH)
Roger Abrego to second
Batting: SHB Jacob Dobrosky 0-0: Fielders Choice at 2nd, 6-4 (Groundball, 6, EV 86.9 MPH)
Top of the 1st over - 0 runs, 1 hit, 0 errors, 2 left on base; Kingsport 0 - Washington (APP) 0
BOTTOM OF THE 1ST
Washington (APP) Nationals batting - Pitching for Kingsport Mets : RHP Dong-choon Park
Pitching: RHP Dong-choon Park
Batting: RHB Luis Neri 0-0: Ball
1-0: SINGLE (Groundball, 56D, EV 105.0 MPH)
Batting: LHB Joseph Martin 0-0: Called Strike
0-1: Ball
1-1: Ball
2-1: Called Strike
2-2: Foul Ball, location: 2F
2-2: SINGLE (Groundball, 34, EV 108.1 MPH) (infield hit)
Luis Neri to second
Batting: RHB Randy Spriet 0-0: Fly out, F8 (Flyball, 8RS, EV 96.3 MPH)
Batting: RHB Masaru Nogami 0-0: Called Strike
0-1: Fly out, F9 (Flyball, 89S, EV 83.8 MPH)
Batting: RHB Chris Montgomery 0-0: Ball
1-0: Ball
2-0: Called Strike
2-1: Foul Ball, location: 2F
2-2: Strikes out swinging
Bottom of the 1st over - 0 runs, 2 hits, 0 errors, 2 left on base; Kingsport 0 - Washington (APP) 0
TOP OF THE 2ND
Kingsport Mets batting - Pitching for Washington (APP) Nationals : RHP Mike Welch
Batting: RHB Roberto Luis 0-0: Swinging Strike
0-1: Ball
1-1: SINGLE (Groundball, 56D, EV 99.4 MPH)
Batting: RHB Juan Padilla 0-0: Called Strike
0-1: Ball
1-1: Fielders Choice at 2nd, 4-6 (Groundball, 34, EV 101.3 MPH)
Batting: RHB Zachary Reas 0-0: Swinging Strike
0-1: Swinging Strike
0-2: Foul Ball, location: 2F
0-2: Ball
Passed Ball!
Juan Padilla to second
1-2: Ball
Wild Pitch!
Juan Padilla to third
2-2: Ball
3-2: Foul Ball, location: 2F
3-2: Foul Ball, location: 2F
3-2: Foul Ball, location: 2F
3-2: Ground out 6-3 (Groundball, 6, EV 83.8 MPH)
Juan Padilla scores
Batting: RHB Dong-choon Park 0-0: Ball
1-0: Ground out 4-3 (Groundball, 34, EV 86.9 MPH)
Top of the 2nd over - 1 run, 1 hit, 0 errors, 0 left on base; Kingsport 1 - Washington (APP) 0
BOTTOM OF THE 2ND
Washington (APP) Nationals batting - Pitching for Kingsport Mets : RHP Dong-choon Park
Batting: RHB Alex Sandoval 0-0: Bunt missed!
0-1: Ball
1-1: Hit by Pitch
Batting: RHB Jonathan Christensen 0-0: Ball
1-0: Foul Ball, location: 2F
1-1: Ball
2-1: Ground out 6-3 (Groundball, 6S, EV 66.9 MPH)
Alex Sandoval to second
Batting: RHB Mike Strey 0-0: Foul Ball, location: 2F
0-1: Ball
1-1: Ground out 5-3 (Groundball, 5L, EV 103.8 MPH)
Batting: RHB Mike Welch 0-0: Ball
1-0: Fly out, F8 (Flyball, 8LM, EV 80.0 MPH)
Bottom of the 2nd over - 0 runs, 0 hits, 0 errors, 1 left on base; Kingsport 1 - Washington (APP) 0
TOP OF THE 3RD
Kingsport Mets batting - Pitching for Washington (APP) Nationals : RHP Mike Welch
Batting: RHB Antonio Cacheiro 0-0: Ball
1-0: Ball
2-0: SOLO HOME RUN (Flyball, 7D, EV 101.3 MPH), Distance : 402 ft
Batting: RHB Ricky Rivera 0-0: Ball
1-0: Ball
2-0: Swinging Strike
2-1: Foul Ball, location: 2F
2-2: Strikes out swinging
Batting: RHB Roger Abrego 0-0: Ball
1-0: Ball
2-0: Called Strike
2-1: Fly out, F8 (Flyball, 8LS, EV 97.5 MPH)
Batting: LHB Edwin Aguilar 0-0: Ball
1-0: Ball
2-0: Called Strike
2-1: SINGLE (Groundball, 4D, EV 107.5 MPH)
Batting: SHB Jacob Dobrosky 0-0: Called Strike
Edwin Aguilar steals 2nd base
0-1: SINGLE (Line Drive, 89S, EV 105.0 MPH)
Edwin Aguilar to third
Runner from 3rd tries for Home, SAFE, throw by RF to home
Jacob Dobrosky to second
Batting: RHB Roberto Luis 0-0: Called Strike
0-1: Foul Ball, location: 2F
0-2: Foul Ball, location: 2F
0-2: Ball
1-2: Foul Ball, location: 2F
1-2: Ball
2-2: Foul Ball, location: 2F
2-2: Ball
3-2: SINGLE (Groundball, 34D, EV 94.4 MPH)
Jacob Dobrosky to third
Jacob Dobrosky scores
Batting: RHB Juan Padilla 0-0: Swinging Strike
0-1: Swinging Strike
0-2: Fly out, F7 (Line Drive, 7, EV 98.1 MPH)
Top of the 3rd over - 3 runs, 4 hits, 0 errors, 1 left on base; Kingsport 4 - Washington (APP) 0
BOTTOM OF THE 3RD
Washington (APP) Nationals batting - Pitching for Kingsport Mets : RHP Dong-choon Park
Batting: RHB Luis Neri 0-0: Ground out 5-3 (Groundball, 56, EV 85.0 MPH)
Batting: LHB Joseph Martin 0-0: Ball
1-0: Ball
2-0: Called Strike
2-1: Fly out, F8 (Flyball, 8RD, EV 85.0 MPH)
Batting: RHB Randy Spriet 0-0: Ground out 6-3 (Groundball, 6, EV 81.9 MPH)
Bottom of the 3rd over - 0 runs, 0 hits, 0 errors, 0 left on base; Kingsport 4 - Washington (APP) 0
TOP OF THE 4TH
Kingsport Mets batting - Pitching for Washington (APP) Nationals : RHP Mike Welch
Pitching: LHP Mike Rex
Batting: RHB Zachary Reas 0-0: Ball
1-0: Foul Ball, location: 2F
1-1: Ball
2-1: Fly out, F6 (Popup, 6MS, EV 68.8 MPH)
Batting: RHB Dong-choon Park 0-0: Ball
1-0: Foul Ball, location: 2F
1-1: Ground out 4-3 (Groundball, 4, EV 81.3 MPH)
Batting: RHB Antonio Cacheiro 0-0: Called Strike
0-1: Ground out 6-3 (Groundball, 6, EV 80.6 MPH)
Top of the 4th over - 0 runs, 0 hits, 0 errors, 0 left on base; Kingsport 4 - Washington (APP) 0
BOTTOM OF THE 4TH
Washington (APP) Nationals batting - Pitching for Kingsport Mets : RHP Dong-choon Park
Batting: RHB Masaru Nogami 0-0: Called Strike
0-1: Ball
1-1: Called Strike
1-2: Foul Ball, location: 2F
1-2: Strikes out swinging
Batting: RHB Chris Montgomery 0-0: Called Strike
0-1: Called Strike
0-2: Strikes out swinging
Batting: RHB Alex Sandoval 0-0: Ball
1-0: Foul Ball, location: 2F
1-1: Ball
2-1: Foul Ball, location: 2F
2-2: Ball
3-2: Strikes out swinging
Bottom of the 4th over - 0 runs, 0 hits, 0 errors, 0 left on base; Kingsport 4 - Washington (APP) 0
TOP OF THE 5TH
Kingsport Mets batting - Pitching for Washington (APP) Nationals : LHP Mike Rex
Batting: RHB Ricky Rivera 0-0: Ball
1-0: Ball
2-0: Called Strike
2-1: SINGLE (Line Drive, 7LS, EV 103.1 MPH)
Batting: RHB Roger Abrego 0-0: Foul Ball, location: 2F
0-1: Ball
1-1: Ball
2-1: Ball
3-1: Foul Ball, location: 2F
3-2: Base on Balls
Ricky Rivera to second
Batting: LHB Edwin Aguilar 0-0: Ball
1-0: Foul Ball, location: 2F
1-1: Swinging Strike
1-2: SINGLE (Groundball, 4, EV 103.8 MPH) (infield hit)
Ricky Rivera to third
Roger Abrego to second
Batting: SHB Jacob Dobrosky 0-0: Fielders Choice at 2nd, 4-6 (Groundball, 4, EV 83.1 MPH)
Ricky Rivera scores
Roger Abrego to third
Batting: RHB Roberto Luis 0-0: Fielders Choice at 2nd, 5-4 (Groundball, 56S, EV 85.0 MPH)
Roger Abrego scores
Batting: RHB Juan Padilla 0-0: Ball
1-0: Called Strike
1-1: Foul Ball, location: 2F
1-2: SINGLE (Groundball, 56D, EV 94.4 MPH)
Roberto Luis to second
Batting: RHB Zachary Reas 0-0: Ball
1-0: Ball
2-0: Foul Ball, location: 2F
2-1: Foul Ball, location: 2F
2-2: Reached via error on a dropped throw from SS, E4 (Groundball, 6, EV 86.3 MPH)
Roberto Luis to third
Juan Padilla to second
Batting: RHB Dong-choon Park 0-0: Ground out 4-3 (Groundball, 4, EV 83.8 MPH)
Top of the 5th over - 2 runs, 3 hits, 1 error, 3 left on base; Kingsport 6 - Washington (APP) 0
BOTTOM OF THE 5TH
Washington (APP) Nationals batting - Pitching for Kingsport Mets : RHP Dong-choon Park
Batting: RHB Jonathan Christensen 0-0: Called Strike
0-1: Ball
1-1: Foul Ball, location: 2F
1-2: Ground out 6-3 (Groundball, 6, EV 90.6 MPH)
Batting: RHB Mike Strey 0-0: Called Strike
0-1: Ground out 1-3 (Groundball, P, EV 85.6 MPH)
Batting: RHB Mike Rex 0-0: Called Strike
0-1: Foul Ball, location: 2F
0-2: Ball
1-2: Ball
2-2: Ground out 2-3 (Groundball, 13S, EV 63.8 MPH)
Bottom of the 5th over - 0 runs, 0 hits, 0 errors, 0 left on base; Kingsport 6 - Washington (APP) 0
TOP OF THE 6TH
Kingsport Mets batting - Pitching for Washington (APP) Nationals : LHP Mike Rex
Batting: RHB Antonio Cacheiro 0-0: Ground out 5-3 (Groundball, 56, EV 81.9 MPH)
Batting: RHB Ricky Rivera 0-0: Foul Ball, location: 2F
0-1: Fly out, F9 (Flyball, 89M, EV 83.8 MPH)
Batting: RHB Roger Abrego 0-0: Ball
1-0: Ball
2-0: Ball
3-0: Foul Ball, location: 2F
3-1: Fly out, F8 (Flyball, 8RD, EV 80.0 MPH)
Top of the 6th over - 0 runs, 0 hits, 0 errors, 0 left on base; Kingsport 6 - Washington (APP) 0
BOTTOM OF THE 6TH
Washington (APP) Nationals batting - Pitching for Kingsport Mets : RHP Dong-choon Park
Batting: RHB Luis Neri 0-0: SINGLE (Groundball, 56D, EV 107.5 MPH)
Batting: LHB Joseph Martin 0-0: Foul Ball, location: 2F
0-1: Called Strike
0-2: Ball
1-2: Strikes out swinging
Batting: RHB Randy Spriet 0-0: Ball
1-0: Ball
2-0: Called Strike
2-1: Ball
3-1: SINGLE (Line Drive, 8LS, EV 104.4 MPH)
Luis Neri to second
Batting: RHB Masaru Nogami 0-0: Foul Ball, location: 2F
0-1: SINGLE (Groundball, 6S, EV 86.3 MPH) (infield hit)
Luis Neri to third
Randy Spriet to second
Batting: RHB Chris Montgomery 0-0: Foul Ball, location: 2F
0-1: Foul Ball, location: 2F
0-2: Foul Ball, location: 2F
0-2: Ball
1-2: Fielders Choice at 2nd, 5-4 (Groundball, 56, EV 76.3 MPH)
Luis Neri scores
Randy Spriet to third
Batting: RHB Alex Sandoval 0-0: DOUBLE (Line Drive, 89XD, EV 104.4 MPH)
Randy Spriet scores
Chris Montgomery to third
Batting: RHB Jonathan Christensen 0-0: Called Strike
0-1: DOUBLE (Line Drive, 78D, EV 111.9 MPH)
Chris Montgomery scores
Alex Sandoval scores
Batting: RHB Mike Strey 0-0: Called Strike
0-1: Ball
1-1: Ball
2-1: Foul Ball, location: 2F
2-2: Foul Ball, location: 2F
2-2: Ball
3-2: Strikes out swinging
Bottom of the 6th over - 4 runs, 5 hits, 0 errors, 1 left on base; Kingsport 6 - Washington (APP) 4
TOP OF THE 7TH
Kingsport Mets batting - Pitching for Washington (APP) Nationals : LHP Mike Rex
Batting: LHB Edwin Aguilar 0-0: Called Strike
0-1: Ball
1-1: Foul Ball, location: 2F
1-2: Ball
2-2: Ground out 6-3 (Groundball, 4, EV 100.6 MPH)
Batting: SHB Jacob Dobrosky 0-0: Ball
1-0: Foul Ball, location: 2F
1-1: Swinging Strike
1-2: Ball
2-2: Strikes out swinging
Batting: RHB Roberto Luis 0-0: Ball
1-0: Called Strike
1-1: Ball
2-1: Called Strike
2-2: Ball
3-2: Foul Ball, location: 2F
3-2: Base on Balls
Batting: RHB Juan Padilla 0-0: SINGLE (Line Drive, 7S, EV 88.1 MPH)
Roberto Luis to second
Pitching: RHP Blaine Parkhurst
Batting: RHB Zachary Reas 0-0: Fly out, F9 (Flyball, 9S, EV 95.0 MPH)
Top of the 7th over - 0 runs, 1 hit, 0 errors, 2 left on base; Kingsport 6 - Washington (APP) 4
BOTTOM OF THE 7TH
Washington (APP) Nationals batting - Pitching for Kingsport Mets : RHP Dong-choon Park
Batting: SHB Blaine Parkhurst 0-0: Called Strike
0-1: Ground out 4-3 (Groundball, 4, EV 105.0 MPH)
Pitching: RHP Mark Wages
Batting: RHB Luis Neri 0-0: Ball
1-0: Foul Ball, location: 2F
1-1: Called Strike
1-2: Ball
2-2: Foul Ball, location: 2F
2-2: Foul Ball, location: 2F
2-2: Ball
3-2: Foul Ball, location: 2F
3-2: Foul Ball, location: 2F
3-2: Base on Balls
Batting: LHB Joseph Martin 0-0: Ball
1-0: Ball
2-0: Fly out, F9 (Flyball, 9D, EV 98.8 MPH)
Batting: RHB Randy Spriet 0-0: Called Strike
0-1: Ball
1-1: Foul Ball, location: 2F
1-2: Ball
2-2: Ball
3-2: Fly out, F9 (Flyball, 9, EV 93.1 MPH)
Bottom of the 7th over - 0 runs, 0 hits, 0 errors, 1 left on base; Kingsport 6 - Washington (APP) 4
TOP OF THE 8TH
Kingsport Mets batting - Pitching for Washington (APP) Nationals : RHP Blaine Parkhurst
Pinch Hitting: RHB Ion Ploestean 0-0: Foul Ball, location: 2F
0-1: Ball
1-1: SINGLE (Line Drive, 89M, EV 110.6 MPH)
Batting: RHB Antonio Cacheiro 0-0: Ball
1-0: Ball
2-0: Sac Bunt to P - play at first, batter OUT! 1-4
Ion Ploestean to second
Batting: RHB Ricky Rivera 0-0: Swinging Strike
0-1: DOUBLE (Groundball, 3L, EV 94.4 MPH)
Ion Ploestean scores
Batting: RHB Roger Abrego 0-0: Foul Ball, location: 2F
0-1: Ball
1-1: Called Strike
1-2: Foul Ball, location: 2F
1-2: Ball
2-2: Foul Ball, location: 2F
2-2: Foul Ball, location: 2F
2-2: Fly out, F6 (Popup, 6M, EV 53.1 MPH)
Batting: LHB Edwin Aguilar 0-0: Ball
Wild Pitch!
Ricky Rivera to third
1-0: Foul Ball, location: 2F
1-1: Foul Ball, location: 2F
1-2: Foul Ball, location: 2F
1-2: DOUBLE (Flyball, 78XD, EV 91.3 MPH)
Ricky Rivera scores
Batting: SHB Jacob Dobrosky 0-0: Hit by Pitch
Batting: RHB Roberto Luis 0-0: SINGLE (Groundball, 34S, EV 68.1 MPH) (infield hit)
Edwin Aguilar to third
Jacob Dobrosky to second
Batting: RHB Juan Padilla 0-0: Called Strike
0-1: Swinging Strike
0-2: Fielders Choice at 2nd, 5-4 (Groundball, 5, EV 86.9 MPH)
Top of the 8th over - 2 runs, 4 hits, 0 errors, 3 left on base; Kingsport 8 - Washington (APP) 4
BOTTOM OF THE 8TH
Washington (APP) Nationals batting - Pitching for Kingsport Mets : RHP Mark Wages
Pitching: RHP Kent Foster
Batting: RHB Masaru Nogami 0-0: Ball
1-0: Ball
2-0: Called Strike
2-1: Fly out, F7 (Flyball, 7S, EV 86.9 MPH)
Batting: RHB Chris Montgomery 0-0: Ball
1-0: Ball
2-0: Fly out, F7 (Flyball, 7S, EV 70.6 MPH)
Batting: RHB Alex Sandoval 0-0: Called Strike
0-1: Ball
1-1: SINGLE (Groundball, 56, EV 105.6 MPH) (infield hit)
Batting: RHB Jonathan Christensen 0-0: Called Strike
0-1: Foul Ball, location: 2F
0-2: Foul Ball, location: 2F
0-2: Foul Ball, location: 2F
0-2: Strikes out swinging
Bottom of the 8th over - 0 runs, 1 hit, 0 errors, 1 left on base; Kingsport 8 - Washington (APP) 4
TOP OF THE 9TH
Kingsport Mets batting - Pitching for Washington (APP) Nationals : RHP Blaine Parkhurst
Batting: RHB Zachary Reas 0-0: Called Strike
0-1: SINGLE (Groundball, 6MD, EV 96.3 MPH)
Pinch Hitting: SHB Scott Scott 0-0: Sac Bunt to 23 - play at first, batter OUT! 3-4
Zachary Reas to second
Batting: RHB Antonio Cacheiro 0-0: Foul Ball, location: 2F
0-1: TRIPLE (Flyball, 89XD, EV 113.8 MPH)
Zachary Reas scores
Batting: RHB Ricky Rivera Balk!
Antonio Cacheiro scores
0-0: Ball
1-0: Ball
2-0: Fly out, F9 (Flyball, 9LM, EV 93.8 MPH)
Batting: RHB Roger Abrego 0-0: Ball
1-0: Foul Ball, location: 2F
1-1: Swinging Strike
1-2: Foul Ball, location: 2F
1-2: Foul Ball, location: 2F
1-2: Ball
2-2: Ground out 5-3 (Groundball, 56S, EV 69.4 MPH)
Top of the 9th over - 2 runs, 2 hits, 0 errors, 0 left on base; Kingsport 10 - Washington (APP) 4
BOTTOM OF THE 9TH
Washington (APP) Nationals batting - Pitching for Kingsport Mets : RHP Kent Foster
Pitching: RHP Jeff Giannandrea
Batting: RHB Mike Strey 0-0: Foul Ball, location: 2F
0-1: Ball
1-1: Ball
2-1: Called Strike
2-2: Foul Ball, location: 2F
2-2: Ball
3-2: Fly out, F9 (Flyball, 9, EV 90.0 MPH)
Batting: SHB Blaine Parkhurst 0-0: SINGLE (Groundball, 6MD, EV 101.3 MPH)
Batting: RHB Luis Neri 0-0: Called Strike
0-1: Ball
1-1: Ball
2-1: Grounds into double play, 4-6-3 (Groundball, 4, EV 83.1 MPH)
Bottom of the 9th over - 0 runs, 1 hit, 0 errors, 0 left on base; Kingsport 10 - Washington (APP) 4
Sunday, July 16th , 2023 - OOTP Baseball 24.6 Build 69